 Dungeon Sprint DCSS version 0.17-a0-1210-g1e4f09d (webtiles) character file.

309 Kidiri the Covert (level 6, -14/35 HPs)
             Began as a Spriggan Assassin on June 3, 2015.
             Was an Initiate of Dithmenos.
             Demolished by a spatial vortex (27 damage)
             ... in the Dungeon (Sprint III: "The Ten Rune Challenge").
             The game lasted 00:02:04 (267 turns).

Kidiri the Covert (Spriggan Assassin)                Turns: 267, Time: 00:02:04

Health: -14/35     AC:  3    Str:  7    XL:     6   Next: 17%
Magic:  6/6        EV: 25    Int: 13    God:    Dithmenos [......]
Gold:   32         SH:  0    Dex: 19    Spells: 0 memorised, 5 levels left

rFire  . . .     SeeInvis +     a - +2 dagger
rCold  . . .     Clarity  +     c - +0 robe
rNeg   . . .     SustAt   .     (shield restricted)
rPois  .         Gourm    .     (helmet restricted)
rElec  .         Spirit   .     d - +0 cloak
rCorr  .         Warding  .     (gloves unavailable)
rMut   .         NoTele   +     (boots unavailable)
MR     +....                    (no amulet)
Stlth  +++++.....               (no ring)
                                (no ring)

@: very quick, somewhat resistant to hostile enchantments, quite stealthy
A: unfitting armour, see invisible, breathe flames 1, clarity, herbivore 3,
speed 3, low mp 1, slow metabolism 2
a: Renounce Religion, Breathe Fire


You were in the Dungeon.
You worshipped Dithmenos.
Dithmenos was noncommittal.
You were not hungry.

You visited 1 branch You collected 32 gold pieces.

Inventory:

Hand weapons
 a - a +2 dagger (weapon)
 b - a +0 blowgun
Missiles
 e - 8 poisoned needles
 f - 2 curare-tipped needles
Armour
 c - a +0 robe (worn)
 d - a +0 cloak (worn)
Scrolls
 m - 2 scrolls of blinking
 o - 2 scrolls of torment {unknown}
 p - 4 scrolls of identify
 t - a scroll of remove curse {unknown}
Potions
 h - a potion of curing
 i - a potion of heal wounds
 j - a potion of haste
 k - 2 potions of magic
 l - a potion of berserk rage
 r - 2 potions of cure mutation {unknown}
 s - a potion of cancellation {unknown}
 u - a potion of ambrosia {unknown}
Comestibles
 g - a bread ration
 q - 3 royal jellies


   Skills:
 * Level 5.2 Fighting
 * Level 6.1 Short Blades
 * Level 6.6 Throwing
 * Level 8.4 Dodging
 * Level 10.5 Stealth


You had 5 spell levels left.
You didn't know any spells.

Dungeon Overview and Level Annotations

Branches:
Dungeon (1/1)

Altars:
Dithmenos
Gozag
Makhleb
Nemelex Xobeh
Qazlal
Ru
Xom
Jiyva
Lugonu


Innate Abilities, Weirdness & Mutations

You are tiny and cannot use many weapons and most armour.
You have supernaturally acute eyesight.
You are a herbivore.
You cover ground extremely quickly.
You need consume almost no food.
You can breathe flames.
You possess an exceptional clarity of mind.
Your magical capacity is low (-10% MP).


Message History

There is a shadowy altar of Dithmenos here.
You kneel at the altar of Dithmenos.
Dithmenos welcomes you!
Unknown command.
There is a corrupted altar of Lugonu here.
There is a shadowy altar of Dithmenos here.
There is a viscous altar of Jiyva, spattered with blood here.
There is a sacrificial altar of Ru here.
You hit the spatial vortex.
The spatial vortex is lightly damaged.
You barely miss the spatial vortex.
The spatial vortex is lightly damaged.
The spatial vortex closely misses you.
You hit the spatial vortex.
The spatial vortex is lightly damaged.
You hit the spatial vortex.
The spatial vortex is moderately damaged.
The spatial vortex hits you!!
Ouch! That really hurt!
You die...

#...#..#..###+#+###+##
##..##'#..#..........#
##..###...'.⌠........#
#.†####...#...######'#
#..###....#.⌠.#__#...#
...##.....#...#__#...#
...#.....†#+###__#...#
.##.#.....# #__#...+ .
####....# #v@+...# ▓
▓▓▓▓▓▓ ▓▓▓▓▓▓▓▓


You could see a spatial vortex.

Vanquished Creatures
  A shadow (D)
  A water elemental (D)
  A scorpion (D)
  A jelly (D)
  A human (D)
  An ooze (D)
  3 rats (D)
9 creatures vanquished.

Vanquished Creatures (others)
  A yaktaur (D)
  3 plants (D)
4 creatures vanquished.

Grand Total: 13 creatures vanquished

Notes
Turn   | Place    | Note
--------------------------------------------------------------
     0 | D        | Kidiri the Spriggan Assassin began the quest for the Orb.
     0 | D        | Reached XP level 1. HP: 10/10 MP: 2/2
    10 | D        | Reached skill level 1 in Short Blades
    10 | D        | Reached skill level 6 in Stealth
    47 | D        | Killed a yaktaur
    90 | D        | Noticed a scorpion
    93 | D        | Killed a scorpion
    93 | D        | Reached skill level 7 in Stealth
    93 | D        | Reached XP level 2. HP: 14/16 MP: 3/3
    93 | D        | Reached XP level 3. HP: 17/20 MP: 4/4
   122 | D        | Reached skill level 5 in Dodging
   156 | D        | Gained mutation: You can breathe flames. [potion of mutation]
   156 | D        | Gained mutation: You possess an exceptional clarity of mind. [potion of mutation]
   156 | D        | Gained mutation: Your magical capacity is low (-10% MP). [potion of mutation]
   157 | D        | Gained mutation: Your muscles are strong. (Str +2) [potion of mutation]
   157 | D        | Lost mutation: Your muscles are strong. (Str +2) [potion of mutation]
   178 | D        | Noticed a water elemental
   181 | D        | Killed a water elemental
   181 | D        | Reached skill level 5 in Throwing
   181 | D        | Reached skill level 8 in Stealth
   181 | D        | Reached XP level 4. HP: 23/25 MP: 4/4
   192 | D        | Noticed a jelly
   193 | D        | Noticed a shadow
   195 | D        | Killed a shadow
   195 | D        | Reached skill level 5 in Fighting
   195 | D        | Reached skill level 5 in Short Blades
   195 | D        | Reached skill level 10 in Stealth
   195 | D        | Reached XP level 5. HP: 25/30 MP: 5/5
   195 | D        | Reached XP level 6. HP: 29/35 MP: 6/6
   199 | D        | Killed a jelly
   247 | D        | Found a stormy altar of Qazlal.
   247 | D        | Found a sacrificial altar of Ru.
   247 | D        | Found a burning altar of Makhleb.
   247 | D        | Found a shimmering altar of Xom.
   247 | D        | Noticed a spatial vortex
   248 | D        | Found a viscous altar of Jiyva.
   248 | D        | Found a shadowy altar of Dithmenos.
   248 | D        | Found a sparkling altar of Nemelex Xobeh.
   248 | D        | Found a corrupted altar of Lugonu.
   248 | D        | Found an opulent altar of Gozag.
   258 | D        | Became a worshipper of Dithmenos the Shadowed
   267 | D        | Demolished by a spatial vortex

Vault maps used:
D:        dungeon_sprint_mu

Action                   |  1- 3 |  4- 6 || total
-------------------------+-------+-------++-------
Melee: Dagger            |     6 |    10 ||    16
 Fire: Blowgun           |     4 |       ||     4
  Use: Potion            |     2 |       ||     2
 Stab: Sleeping          |     5 |     2 ||     7
